 Dungeon Crawl Stone Soup version 0.30-a0-557-ge2afbf3030 (webtiles) character file.

Game seed: 6002504202189392831

39216 Newt the Nimble (level 14, -8/79 HPs)
             Began as a Kobold Hunter on Dec 27, 2022.
             Was the Champion of Hepliaklqana.
             Mangled by a death yak (22 damage)
             ... on level 5 of the Lair of Beasts.
             The game lasted 00:20:28 (15625 turns).

Newt the Nimble (Kobold Hunter)                    Turns: 15625, Time: 00:20:29

Health: -8/79      AC: 11    Str:  8    XL:     14   Next: 38%
Magic:  23/23      EV: 30    Int: 10    God:    Hepliaklqana [******]
Gold:   2213       SH:  0    Dex: 24    Spells: 22/25 levels left

rFire   + . .      SeeInvis .    g - +7 sling of the Forsaken Visions {speed, rF+ rCorr}
rCold   . . .      Faith    .    (no shield)
rNeg    . . .      Spirit   .    K - +0 troll leather armour
rPois   .          Reflect  .    R - +1 hat {Stlth+}
rElec   .          Harm     .    B - +0 cloak
rCorr   +          Rampage  .    A - +1 pair of gloves
Will    ++...                    E - +1 pair of boots {Fly}
Stlth   ++++++                   (no amulet)
HPRegen 1.13/turn                T - +4 ring of evasion
MPRegen 0.18/turn                O - ring of willpower

@: flying
A: reduced essence, small, no large weapons, nightstalker 3
a: Renounce Religion, Recall Ancestor, Ancestor Identity, Transference, Idealise


You were on level 5 of the Lair of Beasts.
You worshipped Hepliaklqana.
Hepliaklqana was exalted by your worship.
You visited 2 branches of the dungeon, and saw 16 of its levels.
You also visited: Bailey.

You collected 2233 gold pieces.
You spent 20 gold pieces at shops.

Inventory:

Hand Weapons
 a - a +1 shortbow
 g - the +7 sling of the Forsaken Visions (weapon) {speed, rF+ rCorr}
   (You acquired it on level 2 of the Dungeon)

   Attacks with this weapon are significantly faster.
   rF:        It protects you from fire.
   rCorr:     It protects you from acid and corrosion.
Armour
 c - a +1 leather armour
 h - a +2 plate armour of willpower
 l - a +1 pair of boots
 y - +0 steam dragon scales
 A - a +1 pair of gloves (worn)
 B - a +0 cloak (worn)
 E - a +1 pair of boots of flying (worn)
 F - a +2 leather armour of poison resistance
 K - a +0 troll leather armour (worn)
 R - a +1 hat of stealth (worn)
Jewellery
 x - a ring of flight
 D - a ring of see invisible
 O - a ring of willpower (right hand)
 T - a +4 ring of evasion (left hand)
 W - a +6 ring of strength
Wands
 j - a wand of flame (26)
 m - a wand of acid (29)
 z - a wand of digging (12)
 H - a wand of paralysis (9)
 I - a wand of iceblast (11)
 J - a wand of polymorph (5)
 V - a wand of mindburst (7)
Scrolls
 b - 7 scrolls of immolation
 f - 2 scrolls of enchant armour
 p - 5 scrolls of amnesia
 r - 3 scrolls of fog
 s - 3 scrolls of blinking
 t - 4 scrolls of enchant weapon
 u - 5 scrolls of teleportation
 v - 3 scrolls of fear
 N - a scroll of brand weapon {unknown}
 P - a scroll of torment {unknown}
 Q - a scroll of identify
 U - a scroll of acquirement
Potions
 d - 7 potions of curing
 e - a potion of ambrosia
 i - 4 potions of degeneration
 k - 3 potions of berserk rage
 n - 4 potions of haste
 o - 4 potions of lignification
 q - 4 potions of flight
 w - a potion of might
 C - 2 potions of resistance
 G - a potion of attraction
 M - 3 potions of heal wounds {unknown}
 S - a potion of invisibility {unknown}


   Skills:
 - Level 10.0 Fighting
 - Level 12.0 Ranged Weapons
 - Level 6.0 Armour
 - Level 14.0 Dodging
 - Level 6.0 Stealth
 - Level 6.0 Spellcasting
 + Level 9.9 Hexes
 - Level 10.0 Invocations
 - Level 5.0 Evocations


You had 22 spell levels left.
You knew the following spells:

 Your Spells              Type           Power      Damage    Failure   Level
a - Portal Projectile     Hex/Tloc       24%        N/A       11%         3

Your spell library contained the following spells:

 Spells                   Type           Power      Damage    Failure   Level
 Sting                    Tmut/Pois      12%        1d3       28%         1
 Leda's Liquefaction      Hex/Erth       6%         N/A       36%         4
 Poisonous Vapours        Pois/Air       6%         N/A       38%         2
 Call Canine Familiar     Summ           3%         N/A       63%         3
 Summon Mana Viper        Hex/Summ       12%        N/A       71%         5
 Yara's Violent Unravell  Hex/Tmut       6%         3d5       71%         5
 Animate Dead             Necr           3%         N/A       95%         4
 Manifold Assault         Tloc           3%         N/A       95%         4
 Olgreb's Toxic Radiance  Pois           3%         N/A       95%         4
 Enfeeble                 Hex            11%        N/A       99%         7
 Summon Forest            Summ/Tloc      1%         N/A       100%        5
 Dispersal                Tloc           1%         N/A       100%        6
 Summon Cactus Giant      Summ           1%         N/A       100%        6
 Haunt                    Necr/Summ      1%         N/A       100%        7
 Disjunction              Tloc           1%         N/A       100%        8
 Infestation              Necr           1%         N/A       100%        8


Dungeon Overview and Level Annotations

Branches:
Dungeon (11/15)            Temple (0/1) D:7            Lair (5/5) D:11
  Swamp (0/4) Lair:3        Snake (0/4) Lair:2          Orc (0/2) D:11
 Bailey (visited)
  Slime: Lair:4-5

Altars:
Ashenzari
Cheibriados
Elyvilon
Fedhas
Gozag
Hepliaklqana
Kikubaaqudgha
Makhleb
Okawaru
Trog
Vehumet
Yredelemnul

Shops:
D:10 *

Annotations:
D:10 3 runed translucent doors, exclusion: obsidian statue, Newt's ghost, journeyman DsGl


Innate Abilities, Weirdness & Mutations

Your life essence is reduced to manifest your ancestor. (-10% HP)
You are small and have problems with some larger weapons.
You are completely attuned to the shadows.


Message History

The dream sheep is almost dead.
The death yak completely misses you. The dream sheep misses you.
Dusana hits the death yak with a +0 flail.
You shoot a sling bullet. The sling bullet hits the dream sheep!!
You kill the dream sheep!
You shoot a sling bullet. The sling bullet hits the dream sheep!
The dream sheep is moderately wounded.
The death yak completely misses you. The dream sheep bites you!
Dusana hits the death yak with a +0 flail!
You shoot a sling bullet. The sling bullet hits the dream sheep!
The dream sheep is almost dead.
The dream sheep completely misses you. The death yak gores you!
You shoot a sling bullet.
The sling bullet closely misses the dream sheep.
Dusana barely misses the death yak.
You shoot a sling bullet.
The sling bullet barely misses the dream sheep.
The death yak completely misses you. x2; The dream sheep completely misses you.
You shoot a sling bullet. The sling bullet hits the dream sheep!
You kill the dream sheep!
Dusana hits the death yak with a +0 flail!
You shoot a sling bullet. The sling bullet hits the death yak!
The death yak is moderately wounded.
The death yak barely misses you. The death yak closely misses you.
Dusana hits the death yak with a +0 flail!
You shoot a sling bullet. The sling bullet hits the death yak!
The death yak is heavily wounded.
You shoot a sling bullet. The sling bullet hits the death yak.
The death yak is severely wounded.
The death yak completely misses you. The death yak gores you!
Dusana hits the death yak with a +0 flail.
You shoot a sling bullet. The sling bullet hits the death yak!
The death yak is almost dead.
You shoot a sling bullet.
The sling bullet hits the death yak but does no damage.
The death yak is almost dead.
The death yak gores you!!
* * * LOW HITPOINT WARNING * * *
The death yak gores you!!
You die...

#....#...†.##...
.###.....#....##...#
.............#.#...P
..#....#.#....##....
#.#...##...........
#......##..P.#....
####....####....#....
.#...†Y....##........#
.....@†..............P
....RY†..............P
......................
......................
......................
♣♣....................
♣♣...................
♣♣♣......... .....
♣........ .....


You could see the friendly Dusana the knight and 2 death yaks.

Vanquished Creatures
  Gastronok (Lair:3)
  2 hydras
  A catoblepas (Lair:3)
  2 two-headed ogres
  7 death yaks
  A centaur warrior (D:10)
  A skeletal warrior (D:10)
  Sonja (D:10)
  Pikel (D:6)
  A deep elf pyromancer (D:7)
  3 ugly things
  A black mamba (Lair:3)
  6 cane toads
  The ghost of porpoise the Chopper, a novice DsMo (D:6)
  2 kobold demonologists (D:9)
  A rime drake (Lair:3)
  9 komodo dragons
  2 polar bears
  A hornet (D:9)
  3 trolls
  2 dream sheep (Lair:5)
  21 blink frogs
  2 shadows
  Sigmund (D:3)
  3 wyverns
  A wraith (D:10)
  10 yaks
  A basilisk (Lair:1)
  2 steam dragons
  2 vampire mosquitoes (D:10)
  4 swamp worms (Lair:3)
  4 nagas (Lair:2)
  6 water moccasins
  4 orc warriors
  A black bear (Lair:1)
  5 ogres
  3 centaurs
  A phantom (D:5)
  4 kobold brigands
  12 bullfrogs
  2 necrophages
  19 killer bees
  2 electric eels (Lair:3)
  2 jellies (D:7)
  Crazy Yiuf (D:6)
  5 hounds
  2 gnoll boudas
  8 orc priests
  Jessica (D:2)
  3 iguanas
  Terence (D:3)
  4 orc wizards (D:6)
  2 hell rats (Lair:4)
  8 gnolls
  6 adders
  2 shadow imps (D:7)
  2 white imps
  An ufetubus (D:6)
  2 worms (D:3)
  3 dart slugs
  30 orcs
  8 ball pythons
  7 endoplasms
  4 giant cockroaches
  8 hobgoblins
  9 jackals
  2 quokkas
  4 bats
  7 frilled lizards
  11 goblins
  31 kobolds
  8 rats
341 creatures vanquished.

Vanquished Creatures (collateral kills)
  2 hydras
  A catoblepas (Lair:3)
  A boulder beetle (D:11)
  A death yak (Lair:5)
  A tengu warrior (D:10)
  A cyclops (D:11)
  2 cane toads
  2 komodo dragons
  A kobold demonologist (D:9)
  5 blink frogs
  3 yaks
  A basilisk (Lair:2)
  A wyvern (Lair:1)
  Eustachio (D:6)
  A vampire mosquito (D:10)
  A swamp worm (Lair:3)
  An orc warrior (Bailey)
  A lemure (D:6)
  A kobold brigand (D:9)
  A bullfrog (Lair:2)
  4 killer bees
  A hound (D:5)
  An iguana (Lair:3)
  An orc wizard (D:11)
  3 hell rats (Lair:4)
  4 gnolls
  An adder (D:5)
  4 orcs
  A goblin (Bailey)
  2 hobgoblins (Bailey)
  2 kobolds
53 creatures vanquished.

Vanquished Creatures (others)
  4 knights
  2 ancestors (D:6)
  22 fungi
  43 plants
  A withered plant (D:6)
72 creatures vanquished.

Grand Total: 466 creatures vanquished

Notes
Turn   | Place    | Note
-------+----------+-------------------------------------------
     0 | D:1      | Newt the Kobold Hunter began the quest for the Orb.
     0 | D:1      | Reached XP level 1. HP: 12/12 MP: 1/1
    68 | D:1      | Reached XP level 2. HP: 7/17 MP: 2/2
   368 | D:1      | Reached XP level 3. HP: 21/21 MP: 3/3
   736 | D:2      | Identified a scroll of acquirement
   736 | D:2      | Acquired the +7 sling of the Forsaken Visions {speed, rF+
                  | rCorr}
   906 | D:2      | Reached XP level 4. HP: 26/26 MP: 4/4
  1468 | D:2      | Noticed Jessica
  1470 | D:2      | Killed Jessica
  1471 | D:2      | Reached XP level 5. HP: 30/30 MP: 5/5
  1675 | D:3      | Noticed Sigmund
  1683 | D:3      | Killed Sigmund
  1684 | D:3      | Reached skill level 5 in Dodging
  1684 | D:3      | Reached XP level 6. HP: 31/35 MP: 6/6
  1713 | D:3      | Found an ancient bone altar of Kikubaaqudgha.
  1718 | D:3      | Found a hazy altar of Hepliaklqana.
  1718 | D:3      | Found a basalt altar of Yredelemnul.
  1735 | D:3      | Found a broken altar of Ashenzari.
  1735 | D:3      | Found a radiant altar of Vehumet.
  1737 | D:3      | Found an iron altar of Okawaru.
  1737 | D:3      | Found a blossoming altar of Fedhas.
  1738 | D:3      | Became a worshipper of Hepliaklqana the Forgotten
  1744 | D:3      | Found a snail-covered altar of Cheibriados.
  2135 | D:3      | Noticed Terence
  2144 | D:3      | Killed Terence
  2145 | D:3      | Reached skill level 6 in Dodging
  2203 | D:3      | Reached skill level 1 in Armour
  2203 | D:3      | Reached XP level 7. HP: 40/40 MP: 7/7
  3096 | D:4      | Reached * piety under Hepliaklqana
  3513 | D:5      | Entered Level 5 of the Dungeon
  3659 | D:5      | Reached XP level 8. HP: 40/40 MP: 8/8
  3679 | D:5      | Identified the +5 war axe "Newtslayer" {freeze, Dex+6}
  4081 | D:5      | Reached skill level 5 in Fighting
  4384 | D:6      | Noticed Pikel
  4393 | D:6      | Killed Pikel
  4394 | D:6      | Reached XP level 9. HP: 49/49 MP: 9/9
  4534 | D:6      | Found a runed translucent door.
  4537 | D:6      | Noticed Crazy Yiuf
  4569 | D:6      | Noticed Eustachio
  4585 | D:6      | Killed Eustachio
  4586 | D:6      | Reached skill level 5 in Evocations
  4702 | D:6      | Reached ** piety under Hepliaklqana
  4719 | D:6      | Reached skill level 10 in Ranged Weapons
  4774 | D:6      | Remembered your ancestor Dusana as a knight
  4858 | D:6      | Found a runed translucent door.
  4858 | D:6      | Noticed porpoise's ghost (novice DsMo)
  5060 | D:6      | Killed porpoise's ghost
  5061 | D:6      | Reached skill level 7 in Dodging
  5137 | D:6      | Killed Crazy Yiuf
  5180 | D:7      | Reached XP level 10. HP: 54/54 MP: 10/10
  5216 | D:7      | Reached skill level 8 in Dodging
  5499 | D:7      | Found a white marble altar of Elyvilon.
  5648 | D:7      | Reached skill level 9 in Dodging
  5682 | D:7      | Found a staircase to the Ecumenical Temple.
  5879 | D:7      | Noticed a deep elf pyromancer
  5885 | D:7      | Killed a deep elf pyromancer
  5886 | D:7      | Reached skill level 10 in Dodging
  6128 | D:8      | Reached *** piety under Hepliaklqana
  6198 | D:8      | Found a flagged portal.
  6209 | Bailey   | Entered a bailey
  6903 | D:8      | Found a burning altar of Makhleb.
  7500 | D:9      | Reached XP level 11. HP: 58/61 MP: 11/11
  7536 | D:9      | Found a bloodstained altar of Trog.
  7577 | D:9      | Noticed a two-headed ogre
  7587 | D:9      | Killed a two-headed ogre
  7966 | D:9      | Reached skill level 10 in Fighting
  8133 | D:9      | Reached skill level 5 in Armour
  8230 | D:10     | Entered Level 10 of the Dungeon
  8249 | D:10     | Noticed a five-headed hydra
  8249 | D:10     | Noticed a brown ugly thing
  8262 | D:10     | Killed a five-headed hydra
  8291 | D:10     | Killed a brown ugly thing
  8292 | D:10     | Reached skill level 1 in Invocations
  8419 | D:10     | Noticed Sonja
  8426 | D:10     | Killed Sonja
  8454 | D:10     | Reached **** piety under Hepliaklqana
  8557 | D:10     | Found a runed translucent gate.
  8557 | D:10     | Found a runed translucent gate.
  8557 | D:10     | Found a runed translucent gate.
  8560 | D:10     | Found an opulent altar of Gozag.
  8560 | D:10     | Noticed a death knight
  8567 | D:10     | Noticed an obsidian statue
  8572 | D:10     | Noticed a wolf spider
  8572 | D:10     | Noticed a flayed ghost
  8573 | D:10     | Noticed Newt's ghost (journeyman DsGl)
  8607 | D:10     | Reached skill level 5 in Invocations
  8663 | D:10     | Noticed a tengu warrior
  8687 | D:10     | Killed a tengu warrior
  8688 | D:10     | Reached XP level 12. HP: 38/69 MP: 10/16
  8727 | D:10     | Found Gyvoveh's General Store.
  8732 | D:10     | Bought a scroll of identify for 20 gold pieces
  8809 | D:10     | Noticed a skeletal warrior
  8822 | D:10     | Killed a skeletal warrior
  8891 | D:10     | Noticed a seven-headed hydra
  8899 | D:10     | Killed a seven-headed hydra
  8955 | D:10     | Noticed a centaur warrior
  8962 | D:10     | Killed a centaur warrior
  9198 | D:11     | Found a staircase to the Lair.
  9342 | D:11     | Found a staircase to the Orcish Mines.
  9375 | D:11     | Noticed a boulder beetle
  9395 | D:11     | Killed a boulder beetle
  9764 | D:11     | Noticed a two-headed ogre
  9771 | D:11     | Killed a two-headed ogre
  9772 | D:11     | Reached skill level 10 in Invocations
 10493 | Lair:1   | Entered Level 1 of the Lair of Beasts
 10559 | Lair:1   | Reached skill level 11 in Dodging
 10747 | Lair:1   | Reached ***** piety under Hepliaklqana
 11382 | Lair:2   | Reached skill level 12 in Dodging
 11591 | Lair:2   | Reached XP level 13. HP: 73/73 MP: 20/20
 11999 | Lair:2   | Reached skill level 13 in Dodging
 12060 | Lair:2   | Found a staircase to the Snake Pit.
 12262 | Lair:2   | You are sucked into a shaft and drop 1 floor!
 12439 | Lair:3   | Reached skill level 14 in Dodging
 12561 | Lair:3   | Reached skill level 1 in Spellcasting
 12567 | Lair:3   | Noticed a catoblepas
 12577 | Lair:3   | Killed a catoblepas
 12835 | Lair:3   | Reached skill level 5 in Spellcasting
 12863 | Lair:3   | Reached skill level 1 in Hexes
 12867 | Lair:3   | Learned a level 3 spell: Portal Projectile
 12997 | Lair:3   | Noticed a four-headed hydra
 13002 | Lair:3   | Noticed an eight-headed hydra
 13002 | Lair:3   | Killed a four-headed hydra
 13008 | Lair:3   | Killed an eight-headed hydra
 13157 | Lair:3   | Found a staircase to the Swamp.
 13451 | Lair:3   | Reached ****** piety under Hepliaklqana
 13673 | Lair:3   | Noticed a catoblepas
 13693 | Lair:3   | Killed a catoblepas
 13710 | Lair:3   | Noticed Gastronok
 13726 | Lair:3   | Killed Gastronok
 13992 | Lair:2   | Reached skill level 5 in Hexes
 14622 | Lair:4   | Reached XP level 14. HP: 79/79 MP: 23/23
 15172 | Lair:5   | Entered Level 5 of the Lair of Beasts
 15625 | Lair:5   | Mangled by a death yak

Illustrated notes

Levels and vault maps discovered:
D:1:      shiori_arrival_maze, layout_basic
D:2:      layout_loops_corners, uniq_jessica
D:3:      layout_rooms, grunt_temple_overflow_open, uniq_sigmund, uniq_terence
D:4:      layout_basic
D:5:      layout_loops_ring
D:6:      layout_basic, gammafunk_ghost_grave, uniq_pikel,
          uniq_crazy_yiuf_cottage, uniq_eustachio
D:7:      layout_gridville, elyvilon_altar_5, minmay_temple_entry_glass,
          guppyfry_early_elven_hall
D:8:      layout_rooms, makhleb_blood_cavern_becter, enter_bailey_3
D:9:      layout_loops_ring, lemuel_round_altar
D:10:     minmay_diamond_stairs, layout_rooms, ebering_ghost_gozag,
          serial_shops, nicolae_shop_hallway_stairs, minmay_misc_feat_iff,
          uniq_sonja
D:11:     layout_long_grid, david_lair_shrubbed, david_orc_3
Lair:1:   layout_regular_city, minmay_stone_trees_medium, lemuel_fruit_tree
Lair:2:   layout_regular_city, guppyfry_snake_entry_garden, beast_lair_carwin_1,
          grunt_megastairs_5
Lair:3:   layout_layer_cave, palyth_hydra_swamp_entry, serial_bayou,
          serial_bayou_shore_b, serial_bayou_shore_a, serial_bayou_pond_b,
          serial_bayou_pond_e, uniq_gastronok
Lair:4:   layout_roguey
Lair:5:   hellmonk_lair_end_abyssal_woods, layout_regular_city, slime_entry_1,
          uniq_rupert

Skill      XL: |  1  2  3  4  5  6  7  8  9 10 11 12 13 14 |
---------------+-------------------------------------------+-----
Ranged Weapons | 6 7 8 10 12 | 12.0
Dodging        | 5 6 7 10 12 14 | 14.0
Armour         | 1 4 6 |  6.0
Fighting       | 6 8 10 | 10.0
Stealth        | 6 |  6.0
Evocations     | 3 5 |  5.0
Invocations    | 6 10 | 10.0
Spellcasting   | 6 |  6.0
Hexes          | 6 9 |  9.9

Action                   |  1- 3 |  4- 6 |  7- 9 | 10-12 | 13-15 || total
-------------------------+-------+-------+-------+-------+-------++-------
 Fire: Shortbow          |    64 |       |       |       |       ||    64
       Sling             |     9 |    69 |   243 |   683 |   583 ||  1587
Throw: Throwing net      |       |       |       |     1 |     1 ||     2
 Cast: Portal Projectile |       |       |       |       |     2 ||     2
Invok: Ancestor Life: Kn |       |       |     1 |       |       ||     1
       Idealise          |       |       |       |     1 |       ||     1
       Recall Ancestor   |       |       |       |       |     1 ||     1
Evoke: Wand              |       |       |       |     1 |       ||     1
  Use: Scroll            |     5 |     1 |     5 |     9 |       ||    20
       Potion            |       |       |       |     1 |       ||     1
Armor: Leather armour    |    11 |       |     8 |       |       ||    19
       Steam dragon scal |       |       |     1 |     3 |       ||     4
       Troll leather arm |       |       |       |    16 |    18 ||    34
Dodge: Dodged            |    32 |     7 |    50 |   152 |   167 ||   408

Table legend: (Time is in decaauts)
 A = Elapsed time spent in this place.
 B = Non-inter-level travel time spent in this place.
 C = Inter-level travel time spent in this place.
 D = Time resting spent in this place.
 E = Time spent auto-exploring this place.
 F = Levels seen in this place.
 G = Mean time per level.
                   A        B        C        D        E       F      G
               +--------+--------+--------+--------+--------+-----+--------+
         Total |  14958 |  14463 |    495 |   1808 |  10626 |  17 |  879.9 |
       Dungeon |   9706 |   9386 |    320 |   1451 |   6739 |  11 |  882.4 |
          Lair |   4815 |   4641 |    174 |    357 |   3672 |   5 |  963.0 |
        Bailey |    436 |    436 |      0 |      0 |    215 |   1 |  436.0 |
               +--------+--------+--------+--------+--------+-----+--------+

Top non-repeatable levels by time:
  Lair:3: 1644 daAuts
    D:11: 1403 daAuts
     D:2: 1269 daAuts
  Lair:2: 1096 daAuts
     D:9: 1093 daAuts
  Lair:4: 1040 daAuts
     D:4: 886 daAuts
     D:7: 856 daAuts
  Lair:1: 831 daAuts
     D:5: 821 daAuts
     D:6: 770 daAuts
     D:1: 748 daAuts
    D:10: 700 daAuts
     D:3: 580 daAuts
     D:8: 577 daAuts
